Map: Data-C

Players

Nazgul

  • Race: Protoss Protoss
  • League: Gold
  • Spawn Location: 9:00

MattBarry - Winner!

  • Race: Zerg Zerg
  • League: Gold
  • Spawn Location: 3:00

VOD

Have the link to the VOD?

Description

Time

  • Played on: Jan. 21, 2023, 5:05 a.m.
  • Length: 3:20
Show
View Real Time Build Order
Export as new Build Order

Nazgul Protoss 

Build Orders: 1 Gate Expand 

Get SALT Encoding   

  12  0:00  Probe (Chrono Boost)  
  13  0:09  Probe (Chrono Boost)  
  14  0:15  Probe  
  15  0:22  Pylon  
  15  0:41  Probe  
  15  0:42  Gateway  
  16  0:46  Assimilator  
  16  0:53  Probe  
  17  1:05  Probe  
  18  1:27  Nexus  
  18  1:34  Probe (Chrono Boost)  
  19  1:43  Probe (Chrono Boost)  
  19  1:45  Cybernetics Core  
  20  1:58  Gateway  
  20  2:09  Pylon  
  20  2:10  Probe  
  21  2:15  Assimilator  
  21  2:22  Probe  
  22  2:25  Pylon  
  22  2:34  Twilight Council  
  22  2:37  Probe  
  23  2:49  Probe  
Show
View Real Time Build Order
Export as new Build Order

MattBarry Zerg - Winner!

Build Orders: Hatch First 

Get SALT Encoding   

  12  0:00  Drone  
  13  0:11  Drone  
  14  0:17  Extractor  
  13  0:22  Extractor, Drone  
  13  0:23  Drone  
  16  0:48  Hatchery  
  15  0:51  Extractor  
  14  1:02  Spawning Pool  
  13  1:05  Drone  
  14  1:13  Overlord  
  14  1:21  Extractor  
  14  1:24  Drone  
  15  1:48  Zergling x6  
  15  1:52  Queen  
  20  2:00  Zergling x2  
  21  2:22  Zergling x2  
  22  2:23  Zergling x2  
  23  2:35  Queen  
  25  2:37  Drone x3  
Tags
 
League
GoldGold
Matchup
PvZ
Replay Pack
Multiplayer
Spawn Locations
Cross Positions
Add a new tag
Caveats
  • Supply blocks, unpowered buildings, or Contaminate may cause inaccurate times.
  • Supply counts are checked every 10 seconds.